cohdb
Replays
Latest Replays
All Replays
Popular Replays
Top Player Replays
Match Explorer
How It Works
Community
CoH3 Stats
Reddit
Sign in to upload your games and track your stats! →
Sign in with Steam
Match 40917628
Unlisted
Match 40917628
Overview
Messages
Build Orders
End
Vickers Machine Gun Team
Construct Section Command Post
Selects Canadian Shock Battlegroup
Infantry Section
Grenade Package
Infantry Section
Selects Attacking Spirit
Selects Canadian Shock Section
Canadian Shock Section
Selects Incendiary Munitions
Construct Platoon Command Post
Unlock M3 Stuart Light Tanks
M3 Stuart Light Tank
Royal Engineer Section
Infantry Training
Selects Pyrotechnics
Construct Field Infirmary
Canadian Shock Section
Construct Company Command Post
Royal Engineer Section
Armored Vehicle Training
Canadian Shock Section
Selects Churchill Crocodile Heavy Tank
Churchill Crocodile Heavy Tank
Selects Smoke Operation
Unlock Towed 17-pounder Anti-tank Guns
17-pounder Anti-tank Gun Team
Team Weapon Training
Light Vehicle Training
Smoke Operation
-Crispy.Cream.Cookie-
whysoserious
SneaKerz
gb_gbg
General Himmelswerft
MAZKillerju
JanusOhneJ
Moree
0
0
Comments
sign in to comment!
No comments posted yet!